 Dungeon Crawl Stone Soup version 0.31.0-32-g396128a36d (webtiles) character file.

Game seed: 18058091695259022876

40 PaiMei the Grave Robber (level 3, 0/25 HPs)
             Began as a Demonspawn Necromancer on Mar 27, 2024.
             Killed from afar by Natasha (5 damage)
             ... with a magic dart
             ... on level 2 of the Dungeon.
             The game lasted 00:01:39 (1292 turns).

PaiMei the Grave Robber (Demonspawn Necromancer)    Turns: 1292, Time: 00:01:39

Health: 0/25       AC:  3    Str:  8    XL:     3   Next: 30%
Magic:  0/6        EV: 12    Int: 17    God:
Gold:   57         SH:  0    Dex: 13    Spells: 2/6 levels left

rFire   + . .        m - +2 dagger (venom)
rCold   . . .        (no shield)
rNeg    . . .        a - +0 robe
rPois   .            (no helmet)
rElec   .            (no cloak)
rCorr   .            (no gloves)
SInv    .            f - +0 pair of boots
Will    .....        (no amulet)
Stlth   ++           d - ring of protection from fire
HPRegen 0.24/turn    h - ring of wizardry
MPRegen 0.10/turn

%: wizardry (x1)
@: slowed, very slow
A: weakness stinger 1
a: no special abilities


You were on level 2 of the Dungeon.
You visited 1 branch of the dungeon, and saw 2 of its levels.

You collected 57 gold pieces.

Inventory:

Hand Weapons
 e - a +0 short sword
 m - a +2 dagger of venom (weapon)
Armour
 a - a +0 robe (worn)
 f - a +0 pair of boots (worn)
Jewellery
 d - a ring of protection from fire (left hand)
 h - a ring of wizardry (right hand)
Scrolls
 i - 4 scrolls of identify {unknown}
 j - a scroll of blinking {unknown}
 l - a scroll of teleportation {unknown}
Potions
 b - a potion of magic
 c - a potion of brilliance {unknown}
 g - a potion of mutation {unknown}
 k - a potion of heal wounds {unknown}


   Skills:
 + Level 0.8 Fighting
 + Level 2.3 Dodging
 - Level 2.0 Stealth
 + Level 2.4 Spellcasting
 + Level 4.7 Necromancy


You had 2 spell levels left.
You knew the following spells:

 Your Spells              Type           Power      Damage    Failure   Level
a - Necrotise             Necr           72%        1d7       1%          1
b - Vampiric Draining     Necr           18%        2d7       3%          3

Your spell library contained the following spells:

 Spells                   Type           Power      Damage    Failure   Level
 Animate Dead             Necr           18%        N/A       11%         4
 Call Canine Familiar     Summ           2%         N/A       22%         3
 Dazzling Flash           Conj/Hex       4%         N/A       22%         3
 Mephitic Cloud           Conj/Alch/Air  2%         N/A       22%         3
 Sigil of Binding         Hex            2%         N/A       22%         3
 Tukima's Dance           Hex            2%         N/A       22%         3
 Curse of Agony           Necr           18%        N/A       28%         5
 Dimensional Bullseye     Hex/Tloc       1%         N/A       56%         4
 Iskenderun's Mystic Bla  Conj/Tloc      2%         2d3       56%         4
 Silence                  Hex/Air        1%         N/A       87%         5


Dungeon Overview and Level Annotations

Branches:
Dungeon (2/15)

Altars:

Annotations:
D:2 Natasha


Innate Abilities, Weirdness & Mutations

You have a small tail.


Message History

Press: ? - help, Shift-Dir - straight line, f/p - Natasha
Aim: Natasha (heavily wounded, chance to affect: 76%) Natasha barely resists.
Natasha claws you!
Casting: Necrotise (safe; 1% risk of failure)
Confirm with . or Enter, or press ? or * to list all spells.
Aiming: Necrotise (safe; 1% risk of failure)
Press: ? - help, Shift-Dir - straight line, f/p - Natasha
Aim: Natasha (heavily wounded, chance to affect: 76%) Natasha writhes in agony.
Natasha claws you! Natasha closely misses you.
Casting: Necrotise (safe; 1% risk of failure)
Confirm with . or Enter, or press ? or * to list all spells.
Aiming: Necrotise (safe; 1% risk of failure)
Press: ? - help, Shift-Dir - straight line, f/p - Natasha
Aim: Natasha (severely wounded, chance to affect: 76%) Natasha writhes in agony.
Natasha closely misses you.
Casting: Necrotise (safe; 1% risk of failure)
Confirm with . or Enter, or press ? or * to list all spells.
Aiming: Necrotise (safe; 1% risk of failure)
Press: ? - help, Shift-Dir - straight line, f/p - Natasha
Aim: Natasha (almost dead, chance to affect: 76%) Natasha barely resists.
Natasha claws you!
* * * LOW HITPOINT WARNING * * *
Natasha casts a spell.
You barely miss Natasha.
Natasha is almost dead.
Natasha wildly gestures.
You feel disoriented. Natasha barely misses you.
The cerulean imp hits you but does no damage.
Casting: Necrotise (safe; 1% risk of failure)
Confirm with . or Enter, or press ? or * to list all spells.
Aiming: Necrotise (safe; 1% risk of failure)
Press: ? - help, Shift-Dir - straight line, f/p - Natasha
Aim: Natasha (almost dead, chance to affect: 76%) Natasha writhes in agony.
Natasha misses you. The cerulean imp closely misses you.
Natasha stares at you and mumbles some strange words.
The magic dart hits you.
You die...
Natasha curls up and begins to purr.

......>..#.#
########.#.####
..#......#######
#.#.....[.....).
#########.#....#.#######
...............#.......#
...............#..#....#
......5....##..#..#....#
......h@...............#
....................(.).
#####.........##........
...........##.##.####
............##.##.#
..............##.##.#
..............##.##.#
..............##.##.#
#.##..


You could see Natasha and a cerulean imp (summoned).

Vanquished Creatures
  3 ball pythons
  5 bats (D:1)
  3 endoplasms (D:1)
  A giant cockroach (D:1)
  4 goblins
  2 hobgoblins
  3 quokkas
  3 frilled lizards (D:1)
  6 kobolds
  4 rats
34 creatures vanquished.

Vanquished Creatures (collateral kills)
  A hobgoblin (D:1)
  A rat (D:1)
2 creatures vanquished.

Grand Total: 36 creatures vanquished

Notes
Turn   | Place    | Note
-------+----------+-------------------------------------------
     0 | D:1      | PaiMei the Demonspawn Necromancer began the quest for the
                  | Orb.
     0 | D:1      | Reached XP level 1. HP: 13/13 MP: 3/3
   238 | D:1      | Gained mutation: You have a small tail. [demonic ancestry]
   238 | D:1      | Reached XP level 2. HP: 19/19 MP: 1/5
   896 | D:1      | Reached XP level 3. HP: 25/25 MP: 3/6
  1028 | D:1      | Learned a level 3 spell: Vampiric Draining
  1281 | D:2      | Noticed Natasha
  1292 | D:2      | Killed from afar by Natasha

Illustrated notes

Levels and vault maps discovered:
D:1:      shiori_arrival_maze, layout_basic, serial_corexii_hall,
          corexii_hall_statues_l, corexii_hall_statues_i,
          chequers_hall_statues_y, corexii_hall_statues_t
D:2:      layout_basic, skrybe_limestone_x, minmay_misc_feat_cross,
          uniq_natasha, uniq_sigmund

Skill      XL: |  1 |
---------------+----+-----
Stealth        | 2 |  2.0
Dodging        | 2 |  2.3
Fighting       | |  0.8
Spellcasting   | |  2.4
Necromancy     | |  4.7

Action                     || total
---------------------------++-------
  Melee: Short sword       ||    14
         Dagger            ||     1
         Punch             ||     1
   Cast: Necrotise         ||    55
   Stab: Distracted        ||     1
 Armour: Robe              ||    19
  Dodge: Dodged            ||    17
